 Dungeon Crawl Stone Soup version 0.17.2-1-ge4368a0 (webtiles) character file.

70 Goblin1989 the Changer (level 4, 0/21 HPs)
             Began as a Spriggan Transmuter on Dec 30, 2016.
             Killed from afar by dscm's ghost (21 damage)
             ... with a stone arrow
             ... on level 3 of the Dungeon.
             The game lasted 00:08:30 (2406 turns).

Goblin1989 the Changer (Spriggan Transmuter)        Turns: 2406, Time: 00:08:30

Health: 0/21       AC:  6    Str:  6    XL:     4   Next: 4%
Magic:  3/10       EV: 18    Int: 14    God:
Gold:   94         SH:  0    Dex: 17    Spells: 3 memorised, 4 levels left

rFire  . . .     SeeInvis +       - Unarmed
rCold  . . .     Clarity  .     b - +0 robe
rNeg   . . .     SustAt   .     (shield restricted)
rPois  .         Gourm    .     (helmet restricted)
rElec  .         Spirit   .     j - +0 cloak
rCorr  .         Warding  .     (gloves unavailable)
rMut   .         Stasis   .     (boots unavailable)
MR     .....                    (no amulet)
Stlth  ++........               (no ring)
                                k - +3 ring of protection

@: very slightly contaminated, very quick, not resistant to hostile
enchantments, unstealthy
A: unfitting armour, see invisible, herbivore 3, speed 3, slow metabolism 2
a: no special abilities


You were on level 3 of the Dungeon.
You were not hungry.

You visited 1 branch of the dungeon, and saw 3 of its levels.

You collected 94 gold pieces.

Inventory:

Missiles
 a - 70 arrows
 l - 5 curare-tipped needles
Armour
 b - a +0 robe (worn)
 j - a +0 cloak (worn)
Jewellery
 k - a +3 ring of protection (left hand)
Scrolls
 g - a scroll of noise {unknown}
 i - a scroll of fog {unknown}
 R - 2 scrolls of identify {@r1}
 T - 2 scrolls of teleportation {!r, @r4}
Potions
 e - a potion of cure mutation {!q}
 f - a potion of might
Books
 c - a book of Changes

   Spells                             Type                      Level
   a - Beastly Appendage              Transmutation                1
   b - Sticks to Snakes               Transmutation                2
   c - Spider Form                    Transmutation/Poison         3
   d - Ice Form                       Ice/Transmutation            4
   e - Blade Hands                    Transmutation                5
Comestibles
 d - a bread ration {@e1}
 h - a royal jelly


   Skills:
 - Level 0.7 Fighting
 - Level 3.0 Dodging
 * Level 3.2 Unarmed Combat
 + Level 3.6 Spellcasting
 + Level 3.7 Transmutations


You had 4 spell levels left.
You knew the following spells:

 Your Spells              Type           Power        Failure   Level  Hunger
a - Beastly Appendage     Trmt           ##....       4%          1    None
b - Sticks to Snakes      Trmt           ##........   10%         2    ##.....
c - Spider Form           Trmt/Pois      #.........   30%         3    ###....


Dungeon Overview and Level Annotations

Branches:
Dungeon (3/15)

Altars:
Cheibriados
Elyvilon
Xom

Annotations:
D:3 dscm's ghost, novice OpEE


Innate Abilities, Weirdness & Mutations

You are tiny and cannot use many weapons and most armour.
You have supernaturally acute eyesight.
You are a herbivore.
You cover ground extremely quickly.
You need consume almost no food.


Message History

You create a snake!
You now have 6/10 mp.
Casting: Sticks to Snakes
Confirm with . or Enter, or press ? or * to list all spells.
You miscast Sticks to Snakes.
Nothing appears to happen.
You now have 4/10 mp.
Casting: Sticks to Snakes
Confirm with . or Enter, or press ? or * to list all spells.
You create a snake!
You now have 2/10 mp.
Dscm's ghost hits your ball python.
Your ball python dies!
Your ball python barely misses dscm's ghost.
Dscm's ghost closely misses you.
You miss dscm's ghost.
Your ball python misses dscm's ghost.
Your ball python bites dscm's ghost but does no damage.
Dscm's ghost stares at you and mumbles some strange words.
The stone arrow hits you!
Ouch! That really hurt!
You die... ███████

█████.....██
..█.......█
█.█..███..███
█.█@.█......█
█.WS...█..█.█
█.█..███..█.████████
█.█.......█........█
..████████████████.█
█.██ ██.██ █.█ █.
███████...███.█ ..
█............<. ⌂.
█.....█...███.█


You could see dscm's ghost and a friendly ball python.

Vanquished Creatures
  2 adders (D:2)
  An ooze (D:2)
  5 hobgoblins
  6 jackals
  4 kobolds
  2 quokkas (D:2)
  2 bats
  2 giant cockroaches
  A giant gecko (D:3)
  A giant newt (D:2)
  3 goblins
  3 rats (D:2)
32 creatures vanquished.

Vanquished Creatures (collateral kills)
  2 adders
  A hobgoblin (D:2)
3 creatures vanquished.

Grand Total: 35 creatures vanquished

Notes
Turn   | Place    | Note
--------------------------------------------------------------
     0 | D:1      | Goblin1989 the Spriggan Transmuter began the quest for the Orb.
     0 | D:1      | Reached XP level 1. HP: 9/9 MP: 5/5
   357 | D:1      | Found a shimmering altar of Xom.
   432 | D:1      | Reached XP level 2. HP: 14/14 MP: 6/6
   436 | D:1      | Learned a level 2 spell: Sticks to Snakes
  1166 | D:2      | Reached XP level 3. HP: 14/17 MP: 8/8
  1171 | D:2      | Learned a level 3 spell: Spider Form
  1597 | D:2      | Found a white marble altar of Elyvilon.
  1881 | D:3      | Reached XP level 4. HP: 6/21 MP: 6/10
  2391 | D:3      | Found a snail-covered altar of Cheibriados.
  2393 | D:3      | Noticed dscm's ghost (novice OpEE)
  2406 | D:3      | Killed from afar by dscm's ghost

Action                   |  1- 3 |  4- 6 || total
-------------------------+-------+-------++-------
Melee: Unarmed           |   146 |    13 ||   159
 Cast: Beastly Appendage |     1 |       ||     1
       Sticks to Snakes  |     4 |     2 ||     6
       Spider Form       |     1 |       ||     1
  Use: Scroll            |     5 |       ||     5
 Stab: Sleeping          |     5 |       ||     5

Vault maps used:
D:1:      lightli_arrival_statue_moat, xom_teletrap_fun
D:2:      elyvilon_altar_1
D:3:      cheibriados_altar_1, first_bread
